PAA
YAKIMA HOPS @ MERCER ISLAND SCREAMING EAGLES
07/16/2027
 
TOP OF THE 1ST
Yakima Hops batting - Pitching for Mercer Island Screaming Eagles : LHP Tomiji Saikawa
Pitching: LHP Tomiji Saikawa
Batting: RHB Diego Rodríguez 0-0: Called Strike
0-1: SINGLE (Line Drive, 8RS)
Batting: RHB Jud Regan 0-0: Ball
1-0: SINGLE (Line Drive, 8LS)
Diego Rodríguez to second
Runner from 2nd tries for 3rd, SAFE, no throw
Batting: LHB Lloyd Kent 0-0: Swinging Strike
0-1: Ball
1-1: Ball
2-1: Swinging Strike
2-2: Foul Ball, location: 2F
2-2: Ball
3-2: Foul Ball, location: 2F
3-2: Foul Ball, location: 2F
3-2: Foul Ball, location: 2F
3-2: SINGLE (Groundball, 34D)
Diego Rodríguez scores
Jud Regan to second
Jud Regan to third
Batting: RHB Alfonso Nazario 0-0: Ball
1-0: Called Strike
1-1: Fly out, F9 (Flyball, 9LS)
Runner from 3rd tags up, SCORES, no throw
Now in RF: Mike Russell
Batting: RHB Yehonatan Chazan 0-0: Ball
1-0: Ball
2-0: Called Strike
2-1: DOUBLE (Line Drive, 78XD)
Lloyd Kent to third
Batting: SHB Domingo Luna 0-0: Called Strike
0-1: Ball
1-1: Swinging Strike
1-2: Fly out, F4 (Flyball, 34D)
Batting: RHB Mario Salazar 0-0: Ground out 6-3 (Groundball, 6)
Top of the 1st over - 2 run(s), 4 hit(s), 0 error(s), 2 left on base; Yakima 2 - Mercer Island 0
BOTTOM OF THE 1ST
Mercer Island Screaming Eagles batting - Pitching for Yakima Hops : RHP Mariano Martínez
Pitching: RHP Mariano Martínez
Batting: LHB Hideki Hisanobu 0-0: Called Strike
0-1: SINGLE (Flyball, 78S)
Batting: RHB Robert Paulsen 0-0: Ball
Hideki Hisanobu steals 2nd base
1-0: Swinging Strike
1-1: Swinging Strike
1-2: Ball
2-2: Foul Ball, location: 2F
2-2: Ball
3-2: Fly out, F7 (Flyball, 7)
Batting: RHB Raúl Moreno 0-0: Called Strike
Hideki Hisanobu steals 3rd base
0-1: Fly out, F4 (Line Drive, 4M)
Batting: RHB Marcos Reyes 0-0: Called Strike
0-1: Ball
1-1: Ball
2-1: Ground out 6-3 (Groundball, 6)
Bottom of the 1st over - 0 run(s), 1 hit(s), 0 error(s), 1 left on base; Yakima 2 - Mercer Island 0
TOP OF THE 2ND
Yakima Hops batting - Pitching for Mercer Island Screaming Eagles : LHP Tomiji Saikawa
Batting: RHB Javier Marino 0-0: Foul Ball, location: 2F
0-1: Ball
1-1: SINGLE (Flyball, 78M)
Batting: LHB Armando Carmona 0-0: Ball
1-0: Fly out, F8 (Flyball, 8RS)
Batting: RHB Diego Rodríguez 0-0: Foul Ball, location: 2F
0-1: Ball
1-1: Foul Ball, location: 2F
1-2: Strikes out swinging
Batting: RHB Jud Regan 0-0: Called Strike
0-1: Swinging Strike
0-2: Ball
1-2: Strikes out swinging
Top of the 2nd over - 0 run(s), 1 hit(s), 0 error(s), 1 left on base; Yakima 2 - Mercer Island 0
BOTTOM OF THE 2ND
Mercer Island Screaming Eagles batting - Pitching for Yakima Hops : RHP Mariano Martínez
Batting: RHB Bill Dennis 0-0: Ball
1-0: Called Strike
1-1: Ball
2-1: Ball
3-1: Base on Balls
Batting: LHB Mike Russell 0-0: Ball
1-0: SINGLE (Line Drive, 7S)
Bill Dennis to second
Batting: SHB José Rico 0-0: Ball
1-0: Ball
2-0: Ball
3-0: Called Strike
3-1: Base on Balls
Bill Dennis to third
Mike Russell to second
Batting: RHB Luis Jiménez 0-0: Fly out, F9 (Flyball, 9LSF)
Runner from 3rd tags up, SCORES, no throw
Batting: SHB León Estrada 0-0: SINGLE (Groundball, 4MD)
Mike Russell to third
José Rico to second
Runner from 3rd tries for Home, SAFE, throw made home
Batting: LHB Hideki Hisanobu 0-0: SINGLE (Groundball, 56S) (infield hit)
José Rico to third
León Estrada to second
Batting: RHB Robert Paulsen 0-0: Ball
1-0: Ball
2-0: Ball
3-0: Base on Balls
José Rico scores
León Estrada to third
Hideki Hisanobu to second
Batting: RHB Raúl Moreno 0-0: Foul Ball, location: 2F
0-1: Ball
1-1: Ball
2-1: Ball
3-1: Base on Balls
León Estrada scores
Hideki Hisanobu to third
Robert Paulsen to second
Batting: RHB Marcos Reyes 0-0: Called Strike
0-1: SINGLE (Line Drive, 6M)
Hideki Hisanobu scores
Robert Paulsen to third
Raúl Moreno to second
Runner from 3rd tries for Home, throw and OUT!
Batting: RHB Bill Dennis 0-0: Ball
1-0: Foul Ball, location: 2F
1-1: Reached on error, E6 (Groundball, 6)
Raúl Moreno to third
Marcos Reyes to second
Batting: LHB Mike Russell 0-0: Called Strike
0-1: Swinging Strike
0-2: Ball
1-2: Ball
2-2: Strikes out looking
Bottom of the 2nd over - 5 run(s), 4 hit(s), 1 error(s), 3 left on base; Yakima 2 - Mercer Island 5
TOP OF THE 3RD
Yakima Hops batting - Pitching for Mercer Island Screaming Eagles : LHP Tomiji Saikawa
Batting: LHB Lloyd Kent 0-0: Ball
1-0: Ground out 4-3 (Groundball, 4M)
Batting: RHB Alfonso Nazario 0-0: Foul Ball, location: 2F
0-1: Ball
1-1: Swinging Strike
1-2: Ball
2-2: Ball
3-2: Foul Ball, location: 2F
3-2: Ground out 5-3 (Groundball, 5)
Batting: RHB Yehonatan Chazan 0-0: Foul Ball, location: 2F
0-1: TRIPLE (Line Drive, 78M)
Batting: SHB Domingo Luna 0-0: Reached on error, E9 (Flyball, 9S)
Yehonatan Chazan scores
Batting: RHB Mario Salazar 0-0: Ball
1-0: Called Strike
1-1: Foul Ball, location: 2F
1-2: Strikes out swinging
Top of the 3rd over - 1 run(s), 1 hit(s), 1 error(s), 1 left on base; Yakima 3 - Mercer Island 5
BOTTOM OF THE 3RD
Mercer Island Screaming Eagles batting - Pitching for Yakima Hops : RHP Mariano Martínez
Batting: SHB José Rico 0-0: Foul Ball, location: 2F
0-1: Called Strike
0-2: Foul Ball, location: 2F
0-2: Ball
1-2: Ball
2-2: Ball
3-2: SOLO HOME RUN (Flyball, 9LD), Distance : 364 ft
Batting: RHB Luis Jiménez 0-0: Foul Ball, location: 2F
0-1: Ball
1-1: SINGLE (Line Drive, 56D)
Batting: SHB León Estrada 0-0: Swinging Strike
Luis Jiménez is caught stealing 2nd base
0-1: Ball
1-1: Ball
2-1: Ball
3-1: Base on Balls
Batting: LHB Hideki Hisanobu 0-0: Called Strike
0-1: Foul Ball, location: 2F
0-2: Ball
1-2: SINGLE (Line Drive, 7S)
León Estrada to second
Batting: RHB Robert Paulsen 0-0: Called Strike
0-1: Swinging Strike
0-2: Ball
1-2: Grounds into double play, 6-4-3 (Groundball, 6)
Bottom of the 3rd over - 1 run(s), 3 hit(s), 0 error(s), 1 left on base; Yakima 3 - Mercer Island 6
TOP OF THE 4TH
Yakima Hops batting - Pitching for Mercer Island Screaming Eagles : LHP Tomiji Saikawa
Batting: RHB Javier Marino 0-0: SINGLE (Flyball, 9LM)
Batting: LHB Armando Carmona 0-0: Called Strike
0-1: Foul Ball, location: 2F
0-2: SINGLE (Flyball, 7S)
Javier Marino to second
Batting: RHB Diego Rodríguez 0-0: Ball
1-0: Called Strike
1-1: SINGLE (Line Drive, 89S)
Javier Marino to third
Armando Carmona to second
Batting: RHB Jud Regan 0-0: Swinging Strike
0-1: Ball
1-1: Ball
2-1: Ball
3-1: Foul Ball, location: 2F
3-2: Base on Balls
Javier Marino scores
Armando Carmona to third
Diego Rodríguez to second
Batting: LHB Lloyd Kent 0-0: Ball
1-0: Ball
2-0: Called Strike
2-1: Fly out, F9 (Line Drive, 9)
Runner from 3rd tags up, SCORES, no throw
Batting: RHB Alfonso Nazario 0-0: Called Strike
Throwing error on steal attempt, E2
Diego Rodríguez scores
Jud Regan to third
0-1: Ball
1-1: Ball
2-1: Ball
3-1: Called Strike
3-2: Strikes out swinging
Batting: RHB Yehonatan Chazan 0-0: Called Strike
0-1: Called Strike
0-2: Ball
1-2: Ball
2-2: Strikes out swinging
Top of the 4th over - 3 run(s), 3 hit(s), 1 error(s), 1 left on base; Yakima 6 - Mercer Island 6
BOTTOM OF THE 4TH
Mercer Island Screaming Eagles batting - Pitching for Yakima Hops : RHP Mariano Martínez
Batting: RHB Raúl Moreno 0-0: Called Strike
0-1: Ball
1-1: Ball
2-1: Ball
3-1: Base on Balls
Batting: RHB Marcos Reyes 0-0: Called Strike
0-1: Ball
1-1: Ball
2-1: Grounds into double play, 6-4-3 (Groundball, 6)
Batting: RHB Bill Dennis 0-0: Fly out, F6 (Line Drive, 6)
Bottom of the 4th over - 0 run(s), 0 hit(s), 0 error(s), 0 left on base; Yakima 6 - Mercer Island 6
TOP OF THE 5TH
Yakima Hops batting - Pitching for Mercer Island Screaming Eagles : LHP Tomiji Saikawa
Pitching: RHP Lucas Cobb
Batting: SHB Domingo Luna 0-0: Ball
1-0: Foul Ball, location: 2F
1-1: SINGLE (Flyball, 7LS)
Batting: RHB Mario Salazar 0-0: Bunted foul
0-1: Sac Bunt - play at first, batter OUT! 1-4
Domingo Luna to second
Batting: RHB Javier Marino 0-0: Ball
1-0: Called Strike
1-1: Foul Ball, location: 2F
1-2: Strikes out swinging
Batting: LHB Armando Carmona 0-0: Intentional Walk
Batting: RHB Diego Rodríguez 0-0: Called Strike
0-1: Called Strike
0-2: Strikes out swinging
Top of the 5th over - 0 run(s), 1 hit(s), 0 error(s), 2 left on base; Yakima 6 - Mercer Island 6
BOTTOM OF THE 5TH
Mercer Island Screaming Eagles batting - Pitching for Yakima Hops : RHP Mariano Martínez
Batting: LHB Mike Russell 0-0: Ball
1-0: Foul Ball, location: 2F
1-1: Ball
2-1: Reached on error, E3 (Groundball, 34)
Batting: SHB José Rico 0-0: Bunted foul
0-1: Bunted foul
0-2: Ball
1-2: Ball
2-2: Ball
3-2: Base on Balls
Mike Russell to second
Pitching: RHP John Sirica
Batting: RHB Luis Jiménez 0-0: Bunt missed!
0-1: Bunted foul
0-2: Fly out, F7 (Line Drive, 78M)
Batting: SHB León Estrada 0-0: Called Strike
0-1: Foul Ball, location: 2F
0-2: Ball
1-2: Ball
2-2: Foul Ball, location: 2F
2-2: Grounds into double play, 6-4-3 (Groundball, 6)
Bottom of the 5th over - 0 run(s), 0 hit(s), 1 error(s), 1 left on base; Yakima 6 - Mercer Island 6
TOP OF THE 6TH
Yakima Hops batting - Pitching for Mercer Island Screaming Eagles : RHP Lucas Cobb
Batting: RHB Jud Regan 0-0: Ball
1-0: Ball
2-0: SINGLE (Groundball, 56S) (infield hit)
Batting: LHB Lloyd Kent 0-0: Ball
1-0: Foul Ball, location: 2F
1-1: DOUBLE (Flyball, 89XD)
Jud Regan to third
Runner from 3rd tries for Home, SAFE, no throw
Batting: RHB Alfonso Nazario 0-0: Ball
1-0: Called Strike
1-1: SINGLE (Line Drive, 4D)
Lloyd Kent to third
Runner from 3rd tries for Home, SAFE, throw made home
Alfonso Nazario to second
Batting: RHB Yehonatan Chazan 0-0: Intentional Walk
Pitching: RHP Ricardo Gómez
Batting: SHB Domingo Luna 0-0: Foul Ball, location: 2F
0-1: Called Strike
0-2: Strikes out swinging
Batting: RHB Mario Salazar 0-0: Called Strike
0-1: Foul Ball, location: 2F
0-2: Foul Ball, location: 2F
0-2: Strikes out swinging
Batting: RHB Javier Marino 0-0: Ground out 1-3 (Groundball, P)
Top of the 6th over - 2 run(s), 3 hit(s), 0 error(s), 2 left on base; Yakima 8 - Mercer Island 6
BOTTOM OF THE 6TH
Mercer Island Screaming Eagles batting - Pitching for Yakima Hops : RHP John Sirica
Batting: LHB Hideki Hisanobu 0-0: Foul Ball, location: 2F
0-1: SINGLE (Line Drive, 5D)
Batting: RHB Robert Paulsen 0-0: Ball
1-0: Ball
2-0: Called Strike
2-1: Ball
3-1: Base on Balls
Hideki Hisanobu to second
Batting: RHB Raúl Moreno 0-0: Called Strike
0-1: Ground out 5-3 (Groundball, 25)
Hideki Hisanobu to third
Robert Paulsen to second
Batting: RHB Marcos Reyes 0-0: Ball
1-0: Foul Ball, location: 2F
1-1: Ball
2-1: Foul Ball, location: 2F
2-2: SINGLE (Line Drive, 7LM)
Hideki Hisanobu scores
Robert Paulsen to third
Runner from 3rd tries for Home, SAFE, no throw
Pitching: LHP Billy Mays
Batting: RHB Bill Dennis 0-0: Swinging Strike
0-1: Fly out, F8 (Flyball, 8LM)
Batting: LHB Mike Russell 0-0: Fly out, F7 (Flyball, 7)
Bottom of the 6th over - 2 run(s), 2 hit(s), 0 error(s), 1 left on base; Yakima 8 - Mercer Island 8
TOP OF THE 7TH
Yakima Hops batting - Pitching for Mercer Island Screaming Eagles : RHP Ricardo Gómez
Batting: LHB Armando Carmona 0-0: Fly out, F7 (Flyball, 78S)
Pinch Hitting: LHB César Nieves 0-0: Ball
1-0: Called Strike
1-1: Ball
2-1: Foul Ball, location: 2F
2-2: Foul Ball, location: 2F
2-2: Foul Ball, location: 2F
2-2: Foul Ball, location: 2F
2-2: Ground out 4-3 (Groundball, 4)
Batting: RHB Jud Regan 0-0: Foul Ball, location: 2F
0-1: Ball
1-1: Ball
2-1: Fly out, F8 (Flyball, 8RM)
Top of the 7th over - 0 run(s), 0 hit(s), 0 error(s), 0 left on base; Yakima 8 - Mercer Island 8
BOTTOM OF THE 7TH
Mercer Island Screaming Eagles batting - Pitching for Yakima Hops : LHP Billy Mays
Now in LF: César Nieves
Batting: SHB José Rico 0-0: Ball
1-0: Foul Ball, location: 2F
1-1: SINGLE (Flyball, 4MD)
Batting: RHB Luis Jiménez 0-0: Bunt - Flyout! F1
Pinch Hitting: RHB Francisco Agámez 0-0: Ball
1-0: Ball
2-0: Foul Ball, location: 2F
2-1: SINGLE (Line Drive, 89S)
José Rico to second
Batting: LHB Hideki Hisanobu 0-0: Foul Ball, location: 2F
0-1: Called Strike
0-2: Foul Ball, location: 2F
0-2: Fielders Choice at 2nd, 3-6 (Groundball, 3)
José Rico to third
Batting: RHB Robert Paulsen 0-0: Ball
1-0: Ball
2-0: Ball
3-0: Called Strike
3-1: Base on Balls
Hideki Hisanobu to second
Batting: RHB Raúl Moreno 0-0: Fielders Choice at 2nd, 5-4 (Groundball, 56)
Bottom of the 7th over - 0 run(s), 2 hit(s), 0 error(s), 2 left on base; Yakima 8 - Mercer Island 8
TOP OF THE 8TH
Yakima Hops batting - Pitching for Mercer Island Screaming Eagles : RHP Ricardo Gómez
Now in CF: Francisco Agámez
Batting: LHB Lloyd Kent 0-0: SINGLE (Groundball, 4MD)
Pinch Hitting: LHB Bob Maher 0-0: Ball
1-0: Ball
2-0: Ball
3-0: Called Strike
3-1: Called Strike
3-2: Strikes out looking
Batting: RHB Yehonatan Chazan 0-0: Called Strike
0-1: Ball
1-1: Foul Ball, location: 2F
1-2: Ball
2-2: Foul Ball, location: 2F
2-2: Fly out, F2 (Popup, 23)
Batting: SHB Domingo Luna 0-0: Ball
1-0: Ball
2-0: Ball
3-0: Called Strike
3-1: Called Strike
3-2: Foul Ball, location: 2F
3-2: Base on Balls
Lloyd Kent to second
Pinch Hitting: RHB Juan García 0-0: Called Strike
0-1: Ball
1-1: Ball
2-1: Ball
3-1: Foul Ball, location: 2F
3-2: Foul Ball, location: 2F
3-2: Base on Balls
Lloyd Kent to third
Domingo Luna to second
Batting: RHB Javier Marino 0-0: Ball
1-0: Ball
2-0: SINGLE (Groundball, 6MD)
Lloyd Kent scores
Domingo Luna to third
Juan García to second
Runner from 3rd tries for Home, SAFE, no throw
Pitching: LHP Fernando Torrez
Batting: LHB Armando Carmona 0-0: Swinging Strike
0-1: Called Strike
0-2: Ball
1-2: Strikes out swinging
Top of the 8th over - 2 run(s), 2 hit(s), 0 error(s), 2 left on base; Yakima 10 - Mercer Island 8
BOTTOM OF THE 8TH
Mercer Island Screaming Eagles batting - Pitching for Yakima Hops : LHP Billy Mays
Now at 1B: Bob Maher
Now at 2B: Juan García
Batting: RHB Marcos Reyes 0-0: Called Strike
0-1: Foul Ball, location: 2F
0-2: Ball
1-2: Ball
2-2: Foul Ball, location: 2F
2-2: Strikes out swinging
Batting: RHB Bill Dennis 0-0: Ball
1-0: Ball
2-0: Called Strike
2-1: Foul Ball, location: 2F
2-2: Foul Ball, location: 2F
2-2: Ball
3-2: Fly out, F9 (Flyball, 89M)
Batting: LHB Mike Russell 0-0: Ball
1-0: Fly out, F8 (Flyball, 8LD)
Bottom of the 8th over - 0 run(s), 0 hit(s), 0 error(s), 0 left on base; Yakima 10 - Mercer Island 8
TOP OF THE 9TH
Yakima Hops batting - Pitching for Mercer Island Screaming Eagles : LHP Fernando Torrez
Batting: LHB César Nieves 0-0: Ball
1-0: Ground out U3 (Groundball, 34)
Batting: RHB Jud Regan 0-0: Called Strike
0-1: Fly out, F9 (Flyball, 9)
Batting: LHB Lloyd Kent 0-0: Foul Ball, location: 2F
0-1: Ball
1-1: Ball
2-1: Ball
3-1: Base on Balls
Batting: LHB Bob Maher 0-0: Fly out, F7 (Flyball, 7S)
Top of the 9th over - 0 run(s), 0 hit(s), 0 error(s), 1 left on base; Yakima 10 - Mercer Island 8
BOTTOM OF THE 9TH
Mercer Island Screaming Eagles batting - Pitching for Yakima Hops : LHP Billy Mays
Pitching: RHP Reynaldo Maestas
Batting: SHB José Rico 0-0: Ball
1-0: Foul Ball, location: 2F
1-1: Swinging Strike
1-2: Foul Ball, location: 2F
1-2: Ball
2-2: Ball
3-2: Foul Ball, location: 2F
3-2: Foul Ball, location: 2F
3-2: Foul Ball, location: 2F
3-2: Fly out, F4 (Line Drive, 4)
Batting: RHB Luis Jiménez 0-0: SINGLE (Flyball, 8LS)
Pinch Hitting: SHB Stephen Dowell 0-0: Called Strike
0-1: Ball
1-1: Ball
2-1: Ball
3-1: Called Strike
3-2: SINGLE (Line Drive, 89S)
Luis Jiménez to second
Luis Jiménez to third
Batting: LHB Hideki Hisanobu 0-0: Ball
1-0: Ball
Passed Ball!
Luis Jiménez scores
Stephen Dowell to second
2-0: Ball
3-0: Called Strike
3-1: Base on Balls
Pinch Hitting: LHB Jacob Herman 0-0: Ball
1-0: Ball
2-0: Foul Ball, location: 2F
2-1: Called Strike
2-2: Ground out 4-3 (Groundball, 4S)
Stephen Dowell to third
Hideki Hisanobu to second
Batting: RHB Raúl Moreno 0-0: Fly out, F9 (Flyball, 89D)
Bottom of the 9th over - 1 run(s), 2 hit(s), 0 error(s), 2 left on base; Yakima 10 - Mercer Island 9
Saturday, May 26th, 2018 - OOTP Baseball 17.12 Build 75